 Dungeon Crawl Stone Soup version 0.30-b1-7-gcb88a99046 (webtiles) character file.

Game seed: 11899836157000305159

51 Cheops the Ruffian (level 3, -1/31 HPs)
             Began as a Ghoul Monk on May 5, 2023.
             Slain by a goblin
             ... wielding a +0 club
             ... led by Robin
              (3 damage)
             ... on level 2 of the Dungeon.
             The game lasted 00:01:37 (1346 turns).

Cheops the Ruffian (Ghoul Monk)                     Turns: 1346, Time: 00:01:37

Health: -1/31      AC:  2    Str: 16    XL:     3   Next: 83%
Magic:  2/2        EV: 12    Int:  5    God:
Gold:   123        SH:  0    Dex: 11    Spells: 2/2 levels left

rFire   + .          .
                       - Unarmed
rCold   + . .        c - orb {light}
rNeg    + + +        a - +0 robe
rPois   ∞            (no helmet)
rElec   .            (no cloak)
rCorr   .            (no gloves)
SInv    +            (no boots)
Will    .....        (no amulet)
Stlth   +            d - ring of see invisible
HPRegen 0.00/turn    j - ring of protection from fire
MPRegen 0.08/turn

%: no passive effects
@: inhibited regen, glowing
A: claws 1, cold resistance 1, negative energy resistance 3, inhibited
regeneration, torment resistance 2, devour on kill
a: no special abilities


You were on level 2 of the Dungeon.
You visited 1 branch of the dungeon, and saw 2 of its levels.

You collected 123 gold pieces.

Inventory:

Armour
 a - a +0 robe (worn)
 c - an orb of light (worn)
Jewellery
 d - a ring of see invisible (left claw)
 j - a ring of protection from fire (right claw)
Scrolls
 e - a scroll of magic mapping {unknown}
 h - 2 scrolls of identify {unknown}
 l - a scroll of brand weapon {unknown}
Potions
 b - a potion of ambrosia
 f - a potion of lignification {unknown}
 g - 2 potions of attraction {unknown}
 i - 2 potions of curing {unknown}
 k - a potion of cancellation {unknown}
 m - a potion of resistance


   Skills:
 - Level 3.2 Fighting
 - Level 2.6 Dodging
 + Level 5.1 Unarmed Combat


You had 2 spell levels left.
You didn't know any spells.
Your spell library was empty.

Dungeon Overview and Level Annotations

Branches:
Dungeon (2/15)

Altars:

Annotations:
D:2 Robin


Innate Abilities, Weirdness & Mutations

You are immune to poison.
You have sharp fingernails.
Your flesh is cold resistant. (rC+)
You are immune to negative energy. (rN+++)
You do not regenerate when monsters are visible.
You are immune to unholy pain and torment.
You thrive by killing the living.


Message History

You feel better.
Robin drinks a potion.
Robin suddenly seems more resistant.
You claw the worm!
The worm is severely wounded.
You scratch the worm.
The worm is almost dead.
Robin throws the goblin at you! The goblin closely misses you.
The worm bites you but does no damage.
You scratch the worm.
You kill the worm!
The goblin misses you.
You claw the hobgoblin!
You kill the hobgoblin!
You feel better. Robin throws the goblin at you!
The goblin hits you with a +0 dagger. The goblin barely misses you.
You swing at nothing.
The goblin hits you with a +0 dagger. The goblin hits you with a +0 club.
You swing at nothing.
The goblin barely misses you. The goblin hits you with a +0 club.
You scratch Robin.
Robin is lightly wounded.
Robin roars a battlecry!
The goblins go into a battle-frenzy!
The goblin barely misses you. The goblin hits you with a +0 dagger.
You scratch Robin but do no damage.
Robin is lightly wounded.
The goblin hits you with a +0 dagger.
* * * LOW HITPOINT WARNING * * *
Robin closely misses you. The goblin closely misses you.
You barely miss Robin.
Robin is lightly wounded.
The goblin closely misses you. Robin closely misses you.
The goblin hits you with a +0 club.
* * * LOW HITPOINT WARNING * * *
You scratch Robin.
Robin is moderately wounded.
You scratch Robin.
Robin is severely wounded.
Robin hits you but does no damage. The goblin barely misses you.
The goblin hits you with a +0 club.
You die...

#...##.##
##..#...#
#..#... #.....
#.... #... #
#).# # #g# #
###########@#
#
#..=......gg#
#
#.#########.#
######.#######
#$#
......†.......
#.#
###.......###.
#.# #
#.......# #.#
###.......##
#.#
............
.#


You could see Robin (resistant) and 2 goblins.

Vanquished Creatures
  A worm (D:2)
  An orc (D:2)
  4 ball pythons
  3 endoplasms (D:1)
  A giant cockroach (D:2)
  5 goblins (D:2)
  5 hobgoblins
  4 jackals (D:2)
  6 kobolds
  A quokka (D:2)
  6 bats
  A frilled lizard (D:1)
  4 rats
42 creatures vanquished.

Notes
Turn   | Place    | Note
-------+----------+-------------------------------------------
     0 | D:1      | Cheops the Ghoul Monk began the quest for the Orb.
     0 | D:1      | Reached XP level 1. HP: 19/19 MP: 0/0
   155 | D:1      | Reached XP level 2. HP: 26/26 MP: 1/1
   272 | D:1      | Reached skill level 4 in Unarmed Combat
   961 | D:2      | Reached XP level 3. HP: 31/31 MP: 2/2
  1332 | D:2      | Reached skill level 5 in Unarmed Combat
  1333 | D:2      | Noticed Robin
  1346 | D:2      | Slain by a goblin

Illustrated notes

Levels and vault maps discovered:
D:1:      dpeg_arrival_arbitrary_a, layout_basic
D:2:      layout_loops_ring, chequers_serial_rivers_micro_b,
          minmay_indecisive_spiral, uniq_robin

Skill      XL: |  1  2  3 |
---------------+----------+-----
Unarmed Combat | 4 5 |  5.1
Fighting       | |  3.2
Dodging        | |  2.6

Action                     || total
---------------------------++-------
  Melee: Unarmed           ||   101
 Armour: Robe              ||    21
  Dodge: Dodged            ||    80
